 Dungeon Crawl Stone Soup version 0.21-a0-71-g5e5ddd2 (webtiles) character file.

48752 Manul the Unseen (level 14, -4/145 HPs)
             Began as an Octopode Assassin on June 19, 2017.
             Was an Initiate of Gozag.
             Slain by a purple ugly thing (7 damage)
             ... on level 14 of the Dungeon.
             The game lasted 00:30:52 (17423 turns).

Manul the Unseen (Octopode Assassin)               Turns: 17423, Time: 00:30:53

Health: -4/145     AC:  8    Str: 12 (14) XL:     14   Next: 47%
Magic:  0/32       EV: 25    Int: 14      God:    Gozag
Gold:   1930       SH: 15    Dex: 16 (17) Spells: 13/13 levels left

rFire    + . .     SeeInvis .   K - +3 short sword (freeze)
rCold    . . .     Gourm    .   g - +1 shield
rNeg     + . .     Faith    .   Q - +2 hat of the Bear Spirit {Spirit, +Rage rN+ MR++}
rPois    +         Spirit   +   D - +3 amulet of reflection
rElec    .         Reflect  +   C - ring of magical power
rCorr    .         Harm     .   n - +3 ring of evasion
MR       +++..     Clarity  +   y - +5 ring of protection
Stlth    ..........             S - +3 ring of evasion
HPRegen  0.34/turn              L - ring of protection from fire
MPRegen  0.23/turn              J - ring of magical power
                                (no ring)
                                (no ring)

@: berserking (expiring), lethally poisoned (-4 -> -5), gold aura, very quick
A: almost no armour, stealthy swim, amphibious, 8 rings, constrict 8, camouflage
1, clarity, deterioration 1, low mp 1, poison resistance, weak 1, gelatinous
body 1
a: Potion Petition, Call Merchant, Bribe Branch, Renounce Religion, Evoke
Berserk Rage


You were on level 14 of the Dungeon.
You worshipped Gozag.
Gozag was most pleased with you.
You were not hungry.

You visited 3 branches of the dungeon, and saw 18 of its levels.
You also visited: Sewer.

You collected 5978 gold pieces.
You spent 1579 gold pieces at shops.
You paid 2469 gold pieces to Gozag.

Inventory:

Hand Weapons
 b - a +0 blowgun
 K - a +3 short sword of freezing (weapon)
 O - a +1 rapier of draining
 Z - a +2 dagger of venom
Missiles
 c - 17 poisoned needles
 d - 12 curare-tipped needles
 u - 6 javelins of returning (quivered)
 E - 2 needles of paralysis
Armour
 g - a +1 shield (worn)
 Q - the +2 hat of the Bear Spirit (worn) {Spirit, +Rage rN+ MR++}
   (You bought it in a shop on level 4 of the Dungeon)

   It protects you from negative energy.
   It affects your resistance to hostile enchantments.
   It lets you go berserk.
Jewellery
 n - a +3 ring of evasion (right tentacle)
 y - a +5 ring of protection (on tentacle)
 C - a ring of magical power (left tentacle)
 D - a +3 amulet of reflection (around mantle)
 J - a ring of magical power (on tentacle)
 L - a ring of protection from fire (on tentacle)
 S - a +3 ring of evasion (on tentacle)
Wands
 a - a wand of iceblast (11/15)
 f - a wand of confusion (23/48)
 t - a wand of clouds (6/9)
 z - a wand of iceblast (1/15)
 M - a wand of paralysis (10/24)
 X - a wand of lightning (7/15)
Scrolls
 j - 3 scrolls of recharging
 o - 8 scrolls of teleportation
 q - 3 scrolls of enchant armour
 r - 6 scrolls of remove curse
 v - 4 scrolls of blinking
 w - 3 scrolls of fear
 I - 4 scrolls of identify
 N - a scroll of immolation
 P - 2 scrolls of brand weapon
Potions
 e - 2 potions of cancellation
 h - 3 potions of ambrosia {unknown}
 i - 5 potions of magic {unknown}
 k - 6 potions of flight
 l - a potion of berserk rage {unknown}
 m - 3 potions of curing
 s - 4 potions of haste
 A - 4 potions of heal wounds
 B - 2 potions of brilliance
 G - a potion of lignification
 H - a potion of might {unknown}
 V - a potion of agility
 W - a potion of resistance {unknown}
Books
 x - a book of Clouds

   Spells                             Type                      Level
   a - Poisonous Vapours              Poison/Air                   2
   b - Mephitic Cloud                 Conjuration/Poison/Air       3
   c - Conjure Flame                  Conjuration/Fire             3
   d - Freezing Cloud                 Conjuration/Ice/Air          6
   e - Ring of Flames                 Charms/Fire                  7
Comestibles
 p - 7 meat rations
 F - 3 royal jellies
 R - 4 fruits


   Skills:
 + Level 9.4 Fighting
 + Level 12.6 Short Blades
 + Level 3.6 Throwing
 + Level 10.3 Dodging
 + Level 18.6 Stealth
 - Level 8.6 Shields
 + Level 3.2 Evocations


You had 13 spell levels left.
You didn't know any spells.

Dungeon Overview and Level Annotations

Branches:
Dungeon (15/15) Temple (0/1) D:6 Lair (1/6) D:9 Orc (2/2) D:11 Elf (0/3) Orc:1 Orc:2 Vaults (0/5) D:14 Depths (0/5) D:15

Altars:
Cheibriados
Gozag
Makhleb
Okawaru
Qazlal
Sif Muna
Xom
Zin
The Shining One

Shops:
D:4 ?[   D:10 ?   D:11 ((   D:13 =   D:14 (*   Orc:1 :   Orc:2 %%*:=


Innate Abilities, Weirdness & Mutations

You cannot wear most types of armour.
You are very stealthy in the water. (Stealth+)
You are amphibious.
You can wear up to eight rings at the same time.
You can use your tentacles to constrict eight enemies at once.
Your skin changes colour to match your surroundings (Stealth+).
Your rubbery body absorbs attacks. (AC +1, EV +1)
You possess an exceptional clarity of mind.
Your body sometimes deteriorates upon taking damage.
Your magical capacity is low. (-10% MP)
Your system is resistant to poisons. (rPois)
You are weak. (Str -2)


Message History

You puncture the centaur warrior skeleton!
You freeze the centaur warrior skeleton.
The centaur warrior skeleton is no longer distracted by gold.
The centaur warrior skeleton is moderately damaged.
The centaur warrior skeleton hits you.
* * * LOW HITPOINT WARNING * * *
You puncture the centaur warrior skeleton!
The centaur warrior skeleton is heavily damaged.
You block the purple ugly thing's attack.
You puncture the centaur warrior skeleton!
You squeeze the centaur warrior skeleton!!
The centaur warrior skeleton is almost destroyed.
The centaur warrior skeleton hits you.
* * * LOW HITPOINT WARNING * * *
You puncture the centaur warrior skeleton!
You squeeze the centaur warrior skeleton.
You destroy the centaur warrior skeleton!
You feel sick. The purple ugly thing claws you!
You die...
Your body crumbles into a pile of gold.

#........##############.######
#.......>.....................
##.......##.#########.#.######
#.......##.# #......#.#
#.......##.# #.####.#.#
#.#####.##.# #.#...##.# #.#
#.##.# #)..))...# #####.#
#.#..######...######### ......#
#....$@$$$.............
###########.#..u#################
#....#......# #..#.#...##.#
#...∩.......# ###.##.#...#..# ###
#......#..<#..# #..
#.######...#..# ###.. #.#
###....# #####....


You could see a purple ugly thing.

Vanquished Creatures
  The ghost of runewalsh the Gelid, a journeyman OpIE of Gozag (D:14)
  2 hydras
  6 two-headed ogres
  6 orc high priests
  Urug (D:13)
  Sonja (D:11)
  3 skeletal warriors (D:14)
  An unseen horror (D:12)
  An orange crystal statue (D:13)
  A wizard (D:7)
  Pikel (D:5)
  6 orc knights
  11 ugly things
  A deep elf mage (D:14)
  7 orc sorcerers
  A wolf spider (D:12)
  A centaur zombie (D:13)
  2 manticores
  A guardian serpent (D:9)
  A gargoyle (D:11)
  An efreet (D:13)
  3 kobold demonologists
  2 komodo dragons
  5 trolls
  Grinder (D:5)
  5 blink frogs (Lair:1)
  The ghost of casual the Insei, an amateur DsTm (D:4)
  4 hippogriffs
  A wyvern (D:10)
  A wraith (D:10)
  A basilisk (D:12)
  15 yaks
  A hungry ghost (D:14)
  3 wargs
  Duvessa (D:5)
  A water moccasin (D:8)
  A porcupine (Lair:1)
  27 orc warriors
  An eye of draining (D:14)
  6 ice beasts
  6 sky beasts
  2 slaves (D:5)
  14 ogres
  A necrophage (D:6)
  3 boggarts (D:14)
  8 centaurs
  A phantom (D:12)
  A crocodile (D:12)
  4 big kobolds
  Blork the orc (D:5)
  A wyvern zombie (D:8)
  6 bullfrogs
  A gnoll sergeant (D:13)
  Dowan (D:5)
  A scorpion (D:11)
  4 killer bees (D:11)
  8 wights
  A howler monkey (shapeshifter) (D:15)
  4 electric eels (D:9)
  15 crimson imps
  4 howler monkeys
  A bullfrog zombie (D:7)
  Crazy Yiuf (D:3)
  6 jellies
  6 bullfrog skeletons
  A gnoll shaman (D:10)
  7 hounds
  36 orc wizards
  17 orc priests
  6 centaur skeletons
  4 iguanas
  2 merfolk sirens (Sewer)
  10 worker ants
  A merfolk avatar (Sewer)
  A centaur simulacrum (D:12)
  A hound zombie (D:11)
  A hound skeleton (D:6)
  2 worker ant zombies
  Robin (D:3)
  11 adders
  9 gnolls
  A howler monkey skeleton (D:6)
  3 river rats
  A shadow imp (D:10)
  An ooze (D:3)
  8 worms
  2 dart slugs (D:1)
  9 leopard geckos
  94 orcs
  5 bats
  7 giant cockroaches
  11 hobgoblins
  2 jackals (D:2)
  7 quokkas
  8 ball pythons
  9 frilled lizards
  23 goblins
  23 kobolds
  24 rats
585 creatures vanquished.

Vanquished Creatures (others)
  2 dancing weapons (D:14)
  A boggart (D:14)
  An orc priest (Orc:2)
  A goblin (D:3)
  A kobold (D:13)
6 creatures vanquished.

Grand Total: 591 creatures vanquished

Notes
Turn   | Place    | Note
-------+----------+-------------------------------------------
     0 | D:1      | Manul the Octopode Assassin began the quest for the Orb.
     0 | D:1      | Reached XP level 1. HP: 14/14 MP: 1/1
   103 | D:1      | Reached XP level 2. HP: 15/19 MP: 2/2
   363 | D:1      | Reached skill level 6 in Stealth
   477 | D:1      | Reached XP level 3. HP: 20/25 MP: 3/3
   962 | D:2      | Reached XP level 4. HP: 28/30 MP: 4/4
  1199 | D:2      | Found an opulent altar of Gozag.
  1199 | D:2      | Found a deep blue altar of Sif Muna.
  1341 | D:2      | Became a worshipper of Gozag Ym Sagoz the Greedy
  1405 | D:3      | Reached skill level 7 in Stealth
  1427 | D:3      | Reached XP level 5. HP: 35/35 MP: 5/5
  2013 | D:3      | Found a runed door.
  2038 | D:3      | Noticed Robin
  2072 | D:3      | Killed Robin
  2310 | D:3      | Reached XP level 6. HP: 42/42 MP: 6/6
  2525 | D:3      | Noticed Crazy Yiuf
  2529 | D:3      | Killed Crazy Yiuf
  2925 | D:4      | Noticed casual's ghost (amateur DsTm)
  2926 | D:4      | Found a glowing drain.
  2950 | D:4      | Killed casual's ghost
  2950 | D:4      | Reached skill level 8 in Stealth
  2950 | D:4      | Reached XP level 7. HP: 32/46 MP: 7/7
  2971 | Sewer    | Entered a sewer
  3444 | Sewer    | Reached skill level 9 in Stealth
  3614 | D:4      | Found a burning altar of Makhleb.
  3653 | D:4      | Reached skill level 5 in Short Blades
  3675 | D:4      | Found Tioc Quira's Antique Armour Boutique.
  3760 | D:5      | Entered Level 5 of the Dungeon
  3806 | D:5      | Reached skill level 1 in Shields
  3819 | D:5      | Noticed Blork the orc
  3839 | D:5      | Killed Blork the orc
  3839 | D:5      | Reached XP level 8. HP: 40/52 MP: 8/8
  4158 | D:5      | Noticed Grinder
  4185 | D:5      | Reached skill level 10 in Stealth
  4198 | D:5      | Killed Grinder
  4317 | D:4      | Bought a scroll of fear for 49 gold pieces
  4317 | D:4      | Bought a scroll of identify for 28 gold pieces
  4317 | D:4      | Bought a scroll of fear for 49 gold pieces
  4467 | D:5      | Noticed Duvessa
  4467 | D:5      | Noticed Dowan
  4490 | D:5      | Killed Duvessa
  4499 | D:5      | Killed Dowan
  4597 | D:5      | Noticed Pikel
  4639 | D:5      | Killed Pikel
  4639 | D:5      | Reached skill level 11 in Stealth
  4639 | D:5      | Reached XP level 9. HP: 53/59 MP: 9/9
  5252 | D:6      | Found a staircase to the Ecumenical Temple.
  5411 | D:7      | Noticed a wizard
  5412 | D:7      | Noticed an orc sorcerer
  5417 | D:7      | Killed an orc sorcerer
  5417 | D:7      | Reached skill level 12 in Stealth
  5417 | D:7      | Reached skill level 1 in Evocations
  5427 | D:7      | Killed a wizard
  5427 | D:7      | Reached skill level 5 in Fighting
  5427 | D:7      | Reached XP level 10. HP: 11/66 MP: 10/10
  6200 | D:7      | Reached skill level 5 in Dodging
  6338 | D:7      | Reached skill level 13 in Stealth
  6853 | D:8      | Reached skill level 5 in Shields
  6884 | D:8      | Noticed a two-headed ogre
  6905 | D:8      | Killed a two-headed ogre
  6912 | D:8      | Found a snail-covered altar of Cheibriados.
  6912 | D:8      | Found a glowing silver altar of Zin.
  7255 | D:4      | Bought the +2 hat of the Bear Spirit {Spirit, +Rage rN+ MR++} for 1016 gold pieces
  7681 | D:9      | Noticed a guardian serpent
  7684 | D:9      | Killed a guardian serpent
  7684 | D:9      | Reached XP level 11. HP: 61/72 MP: 12/12
  7773 | D:9      | Noticed a two-headed ogre
  7780 | D:9      | Killed a two-headed ogre
  7829 | D:9      | Reached skill level 14 in Stealth
  7904 | D:9      | Found a shimmering altar of Xom.
  7906 | D:9      | Found a glowing golden altar of the Shining One.
  7910 | D:9      | Found a staircase to the Lair.
  8299 | D:9      | Found a deep blue altar of Sif Muna.
  8410 | D:9      | Noticed a red ugly thing
  8421 | D:9      | Killed a red ugly thing
  8449 | D:10     | Entered Level 10 of the Dungeon
  8464 | D:10     | Noticed a two-headed ogre
  8501 | D:10     | Killed a two-headed ogre
  8866 | D:10     | Found Tebum's Magic Scroll Emporium.
  8946 | D:10     | Bought a scroll of identify for 28 gold pieces
  8946 | D:10     | Bought a scroll of identify for 28 gold pieces
  9012 | D:10     | Reached skill level 10 in Short Blades
  9324 | D:11     | Noticed Sonja
  9327 | D:11     | Killed Sonja
  9327 | D:11     | Reached skill level 15 in Stealth
  9375 | D:11     | Found a staircase to the Orcish Mines.
  9379 | D:11     | Noticed a cyan ugly thing
  9386 | D:11     | Killed a cyan ugly thing
  9415 | D:11     | Noticed a white ugly thing
  9421 | D:11     | Killed a white ugly thing
  9421 | D:11     | Reached XP level 12. HP: 80/80 MP: 13/13
  9584 | D:11     | Found a stormy altar of Qazlal.
  9650 | D:11     | Reached skill level 16 in Stealth
  9707 | D:11     | Noticed a two-headed ogre
  9744 | D:11     | Killed a two-headed ogre
  9824 | D:11     | Noticed a four-headed hydra
  9838 | D:11     | Killed a four-headed hydra
 10531 | D:12     | Found an iron altar of Okawaru.
 11363 | D:13     | Gained mutation: Your body sometimes deteriorates upon taking damage. [potion of mutation]
 11363 | D:13     | Gained mutation: You possess an exceptional clarity of mind. [potion of mutation]
 11363 | D:13     | Gained mutation: You are weak. (Str -2) [potion of mutation]
 11363 | D:13     | Gained mutation: Your system is resistant to poisons. (rPois) [potion of mutation]
 11411 | D:13     | Found Xot Fenk's Jewellery Shop.
 11418 | D:13     | Bought a +3 amulet of reflection for 266 gold pieces
 11444 | D:13     | Noticed Urug
 11469 | D:13     | Killed Urug
 11590 | D:13     | Reached XP level 13. HP: 73/86 MP: 14/14
 12049 | D:13     | Reached skill level 17 in Stealth
 12141 | D:14     | Found Xitib's Weapon Boutique.
 12166 | D:14     | Noticed runewalsh's ghost (journeyman OpIE)
 12185 | D:14     | Found a gate to the Vaults.
 12344 | D:15     | Entered Level 15 of the Dungeon
 12731 | D:14     | Found Zoteoz's Assorted Antiques.
 12739 | D:14     | Bought a sparkling tin amulet for 115 gold pieces
 12739 | D:14     | Identified the amulet "Wellayz" {Inacc rC+} (You bought it in a shop on level 14 of the Dungeon)
 12914 | D:14     | Killed runewalsh's ghost
 12962 | D:14     | You fall through a shaft!
 12962 | D:15     | Found a staircase to the Depths.
 12962 | D:15     | Noticed a fire giant
 13278 | Orc:1    | Entered Level 1 of the Orcish Mines
 13366 | Orc:1    | Found Reulugon's Book Shop.
 13652 | Orc:2    | Entered Level 2 of the Orcish Mines
 13727 | Orc:2    | Found a staircase to the Elven Halls.
 13727 | Orc:2    | Found Veuz's Jewellery Shoppe.
 13935 | Orc:2    | Found Geonemor's Book Boutique.
 14230 | Orc:1    | Reached skill level 18 in Stealth
 15036 | Orc:2    | Reached XP level 14. HP: 88/95 MP: 16/16
 15040 | Orc:2    | Gained mutation: Your magical capacity is low. (-10% MP) [a neqoxec]
 15278 | Orc:1    | You fall through a shaft!
 16274 | Orc:2    | Found Icimaria's Food Boutique.
 16275 | Orc:2    | Found Evevvire's General Store.
 16295 | Orc:2    | Found Sout's Food Emporium.
 16800 | Lair:1   | Entered Level 1 of the Lair of Beasts
 16839 | Lair:1   | Reached skill level 10 in Dodging
 17422 | D:14     | HP: 4/145 [centaur warrior skeleton (5)]
 17423 | D:14     | Slain by a purple ugly thing

Vault maps used:
D:1:      scummos_arrival_checkerplants, serial_forest,
          infiniplex_forest_clump_medium, infiniplex_forest_end_2,
          infiniplex_forest_lined_2, infiniplex_forest_lined_corner,
          infiniplex_forest_clump_double, infiniplex_forest_fountain,
          infiniplex_forest_clump_curved, infiniplex_forest_end_2
D:2:      gammafunk_temple_overflow_statue, serial_curves, eino_curves_01,
          eino_curves_03
D:3:      cheibrodos_old_hovel, uniq_crazy_yiuf_cottage, uniq_robin
D:4:      lightli_temple_of_fire, first_bread, serial_shops, nicolae_shop_trees,
          serial_glass, glass_columns_a, glass_columns_a, portal_sewer_entry_b
D:5:      minmay_misc_feat_hallway, uniq_grinder, uniq_blork_the_orc,
          uniq_duvessa, uniq_pikel
D:6:      minmay_temple_entry_enclosed_plants
D:7:      cheibrodos_wizards_tower, grunt_ogre_cave, kennysheep_generic_room_5
D:8:      grunt_temple_overflow_open, kennysheep_generic_room_7
D:9:      kennysheep_orc_sif_temple, chequers_temple_overflow_statue_of_worship,
          nrook_guardian_serpent_double
D:10:     serial_shops, shop_fountains, kennysheep_doodads
D:11:     orc_0_dummy, lab_entry_generic, grunt_qazlal_clouds, uniq_sonja
D:12:     basic_altar, minivault_20, spider_trap
D:13:     serial_shops, shop, minivault_16, uniq_urug
D:14:     erik_vaults_1, serial_shops, nicolae_shop_crystal,
          nicolae_shop_crystal, grunt_decor_arrowhead
D:15:     grunt_enter_depths_giant_problem, minmay_misc_feat_roman
Lair:1:   basic_altar, infiniplex_staircase_pool, grunt_megastairs_4
Orc:1:    serial_shops, nicolae_shop_window_shopping
Orc:2:    st_orc_elflike, serial_shops, shop
Sewer:    sewer_sea

Skill      XL: |  1  2  3  4  5  6  7  8  9 10 11 12 13 14 |
---------------+-------------------------------------------+-----
Stealth        | 6 7 8 9 11 12 13 15 16 18 | 18.6
Short Blades   | 3 4 5 6 7 9 10 11 12 | 12.6
Fighting       | 3 4 5 6 7 8 9 |  9.4
Dodging        | 2 3 4 5 6 7 9 10 | 10.3
Shields        | 1 3 4 5 6 7 8 |  8.6
Throwing       | 3 |  3.6
Evocations     | 1 3 |  3.2

Action                   |  1- 3 |  4- 6 |  7- 9 | 10-12 | 13-15 || total
-------------------------+-------+-------+-------+-------+-------++-------
Melee: Dagger            |    69 |   161 |   273 |    62 |       ||   565
       Constrict         |    19 |    36 |    38 |    95 |   123 ||   311
       Tentacles         |    12 |    35 |    68 |   195 |   261 ||   571
       Short sword       |       |       |       |   758 |   815 ||  1573
       Rapier            |       |       |       |       |   310 ||   310
 Fire: Blowgun           |       |       |     2 |       |       ||     2
Throw: Javelin           |       |       |     8 |       |     2 ||    10
       Throwing net      |       |       |       |     1 |       ||     1
Invok: Call Merchant     |       |       |     1 |     1 |     1 ||     3
 Abil: Evoke Berserk Rag |       |       |       |     1 |     2 ||     3
Evoke: Wand              |       |       |     7 |     3 |    11 ||    21
  Use: Scroll            |       |     7 |     7 |     9 |     6 ||    29
       Potion            |       |     1 |     5 |     1 |       ||     7
 Stab: Sleeping          |     9 |    14 |    30 |    60 |    21 ||   134
       Invisible         |       |     2 |     1 |       |       ||     3
       Distracted        |       |       |       |     7 |    18 ||    25
       Held in net/web   |       |       |       |     1 |       ||     1
       Paralysed         |       |       |       |       |     4 ||     4
  Eat: Chunk             |       |     1 |       |       |       ||     1
       Bread ration      |       |     1 |     2 |     5 |     3 ||    11
       Meat ration       |       |       |       |       |     2 ||     2
Armor: Skin              |    11 |    31 |    54 |    66 |    39 ||   201
Dodge: Dodged            |    43 |    93 |    69 |   333 |   470 ||  1008
Block: Shield            |       |     5 |    74 |   272 |   494 ||   845
       Reflection        |       |       |       |     5 |     8 ||    13
